 Dungeon Crawl Stone Soup version 0.19.3 (webtiles) character file.

151 nono the Sneak (level 5, 0/34 HPs)
             Began as a Halfling Assassin on Jan 23, 2017.
             Was an Initiate of the Shining One (penitent).
             Succumbed to a killer bee's poison
             ... on level 3 of the Dungeon.
             The game lasted 00:05:49 (2095 turns).

nono the Sneak (Halfling Assassin)                  Turns: 2095, Time: 00:05:50

Health: 0/34       AC: 14    Str: 13    XL:     5   Next: 59%
Magic:  1/5        EV:  6    Int:  9    God:    the Shining One [*]
Gold:   127        SH:  0    Dex: 16    Spells: 0 memorised, 4 levels left

rFire  . . .     SeeInvis .     a - +2 dagger
rCold  . . .     Gourm    .     l - +0 plate armour (curse)
rNeg   . . .     Faith    .     (shield restricted)
rPois  .         Spirit   +     o - +0 helmet
rElec  .         Reflect  .     d - +0 cloak
rCorr  .         Harm     .     (no gloves)
MR     .....                    (no boots)
Stlth  ..........               u - amulet of guardian spirit
                                (no ring)
                                (no ring)

@: lethally poisoned (0 -> -6)
A: mutation resistance 1
a: Renounce Religion


You were on level 3 of the Dungeon.
You worshipped the Shining One.
The Shining One was demanding penance.
You were hungry.

You visited 1 branch of the dungeon, and saw 3 of its levels.

You collected 127 gold pieces.

Inventory:

Hand Weapons
 a - a +2 dagger (weapon)
 b - a +0 blowgun
 v - a +0 falchion
Missiles
 e - 19 poisoned needles
 f - a curare-tipped needle
 w - 19 sling bullets
Armour
 c - a +0 robe
 d - a +0 cloak (worn)
 l - a cursed +0 plate armour (worn)
 m - a +0 robe
 o - a +0 helmet (worn)
Jewellery
 u - an amulet of guardian spirit (around neck)
Scrolls
 h - 2 scrolls of teleportation {unknown}
 i - 3 scrolls of blinking {unknown}
 k - a scroll of recharging {unknown}
 p - a scroll of noise {unknown}
 q - 3 scrolls of identify {unknown}
 s - a scroll of fear {unknown}
 y - a scroll of amnesia {unknown}
Potions
 j - 2 potions of heal wounds {unknown}
 r - a potion of flight {unknown}
 t - a potion of brilliance {unknown}
 x - 2 potions of curing {unknown}
Comestibles
 g - 2 bread rations
 n - a meat ration
 z - a slice of pizza


   Skills:
 - Level 1.7 Fighting
 - Level 2.4(2.8) Short Blades
 + Level 1.5(2.0) Long Blades
 - Level 2.0 Throwing
 + Level 4.3 Armour
 - Level 2.3 Dodging
 - Level 4.3 Stealth


You had 4 spell levels left.
You didn't know any spells.

Dungeon Overview and Level Annotations

Branches:
Dungeon (3/15)

Altars:
Gozag
The Shining One


Innate Abilities, Weirdness & Mutations

You are small and have problems with some larger weapons.
You are somewhat resistant to further mutation.


Message History

You feel sick. The killer bee stings you. The killer bee barely misses you.
Your plate armour prevents you from hitting the killer bee.
The killer bee is lightly wounded.
The killer bee stings you but does no damage.
The killer bee stings you!
* * * LOW HITPOINT WARNING * * *
You miss the killer bee.
The killer bee is lightly wounded.
* * * LOW HITPOINT WARNING * * *
You feel sick.
The killer bee stings you but does no damage.
Your plate armour prevents you from hitting the killer bee.
The killer bee is lightly wounded.
* * * LOW HITPOINT WARNING * * *
You feel sick.
The killer bee stings you but does no damage.
The killer bee barely misses you. The killer bee stings you.
* * * LOW HITPOINT WARNING * * *
You die...

........#
#####.##...#####
........######
#.#....'....
#####..oyy..o#
#.#....#####
#.....#####y#
#.#....'....
#..... #y#
#.#....#####
#..... #y#
#.#.#.#....#
####.. #y#
#.#.#.#.##.# #..
#.# #.#.#.#.#..#
... #@#
#.#.#.#.#..# #.#
#.#.#.#.#<.. #.#
#.#.#.#.#### #.#
#.#.......
###'#####......##
#.................
#.............[###
#......(.......#
#..............#


You could see 4 killer bees and an orc.

Vanquished Creatures
  Crazy Yiuf (D:2)
  Jessica (D:2)
  Ijyb (D:1)
  3 adders (D:2)
  An ooze (D:1)
  A leopard gecko (D:2)
  4 giant cockroaches
  3 goblins
  3 hobgoblins
  11 kobolds
  2 quokkas
  A ball python (D:1)
  5 bats
  4 frilled lizards
  3 rats
44 creatures vanquished.

Notes
Turn   | Place    | Note
-------+----------+-------------------------------------------
     0 | D:1      | nono the Halfling Assassin began the quest for the Orb.
     0 | D:1      | Reached XP level 1. HP: 14/14 MP: 1/1
   193 | D:1      | Reached XP level 2. HP: 6/19 MP: 2/2
   498 | D:1      | Reached skill level 1 in Armour
   533 | D:1      | Reached XP level 3. HP: 22/24 MP: 3/3
   861 | D:2      | Noticed Jessica
   861 | D:2      | Noticed Ijyb
  1072 | D:1      | Killed Ijyb
  1072 | D:1      | Reached XP level 4. HP: 29/29 MP: 4/4
  1093 | D:2      | Killed Jessica
  1283 | D:2      | Found an opulent altar of Gozag.
  1441 | D:2      | Reached XP level 5. HP: 26/34 MP: 5/5
  1493 | D:2      | Found a glowing golden altar of the Shining One.
  1512 | D:2      | Reached skill level 1 in Long Blades
  1529 | D:2      | Found a runed door.
  1601 | D:2      | Noticed Crazy Yiuf
  1616 | D:2      | Killed Crazy Yiuf
  1673 | D:2      | Became a worshipper of the Shining One
  1893 | D:2      | Found a faded altar of an unknown god.
  2087 | D:3      | Was placed under penance by the Shining One
  2094 | D:3      | HP: 1/34 [killer bee (5)]
  2095 | D:3      | Succumbed to a killer bee's poison

Skill      XL: |  1  2  3  4  5 |
---------------+----------------+-----
Dodging        | 2 |  2.3
Armour         | 1 2 4 |  4.3
Long Blades    | 1 |  1.5
Fighting       | |  1.7
Short Blades   | |  2.4
Throwing       | |  2.0
Stealth        | |  4.3

Action                   |  1- 3 |  4- 6 || total
-------------------------+-------+-------++-------
Melee: Dagger            |   111 |   113 ||   224
 Fire: Blowgun           |       |    11 ||    11
  Eat: Chunk             |     1 |     2 ||     3
Armor: Robe              |     2 |       ||     2
       Plate armour      |    74 |    90 ||   164
Dodge: Dodged            |    39 |    46 ||    85
